 Dungeon Crawl Stone Soup version 0.29-a0-911-g88e6f02907 (webtiles) character file.

Game seed: 17098217764947492938

91 zeratav the Stinger (level 4, 0/27 HPs)
             Began as an Octopode Venom Mage on July 26, 2022.
             Frozen to death by an endoplasm (1 damage)
             ... on level 4 of the Dungeon.
             The game lasted 00:03:05 (2504 turns).

zeratav the Stinger (Octopode Venom Mage)           Turns: 2504, Time: 00:03:05

Health: 0/27       AC:  1    Str:  7    XL:     4   Next: 59%
Magic:  3/7        EV: 13    Int: 19    God:
Gold:   112        SH:  0    Dex: 12    Spells: 4/7 levels left

rFire   . . .      SeeInvis .   r - +3 whip {mace}
rCold   + . .      Faith    .   (no shield)
rNeg    . . .      Spirit   .   (helmet restricted)
rPois   .          Reflect  .   (no amulet)
rElec   .          Harm     .   d - ring of protection from cold
rCorr   .          Rampage  .   (no ring)
Will    .....                   (no ring)
Stlth   ++++......              (no ring)
HPRegen 0.09/turn               (no ring)
MPRegen 0.10/turn               (no ring)
                                (no ring)
                                (no ring)

@: no status effects
A: almost no armour, amphibious, 8 rings, camouflage 1, gelatinous body 1,
(nimble swimmer 1), tentacles
a: no special abilities


You were on level 4 of the Dungeon.
You visited 1 branch of the dungeon, and saw 4 of its levels.

You collected 112 gold pieces.


Innate Abilities, Weirdness & Mutations

You cannot wear most types of armour.
You are amphibious.
You can wear up to eight rings at the same time.
Your skin changes colour to match your surroundings (Stealth+).
Your rubbery body absorbs attacks. (AC +1, EV +1)
((You are camouflaged when in or above water. (Stealth+)))
You have tentacles for arms and can constrict up to eight enemies at once.


   Skills:
 - Level 2.0 Dodging
 - Level 5.0 Stealth
 - Level 2.0 Spellcasting
 - Level 1.0 Transmutations
 + Level 5.2 Poison Magic


You had 4 spell levels left.
You knew the following spells:

 Your Spells              Type           Power      Damage    Failure   Level
a - Sting                 Tmut/Pois      52%        1d5       4%          1
b - Poisonous Vapours     Pois/Air       22%        N/A       9%          2

Your spell library contained the following spells:

 Spells                   Type           Power      Damage    Failure   Level
 Beastly Appendage        Tmut           10%        N/A       11%         1
 Spider Form              Tmut/Pois      13%        N/A       14%         3
 Apportation              Tloc           2%         N/A       17%         1
 Necrotise                Necr           4%         1d4       17%         1
 Sandblast                Erth           2%         2d4       17%         1
 Summon Small Mammal      Summ           4%         N/A       17%         1
 Wereblood                Tmut           5%         N/A       17%         2
 Passwall                 Tmut/Erth      2%         N/A       21%         2
 Olgreb's Toxic Radiance  Pois           21%        N/A       21%         4
 Mephitic Cloud           Conj/Pois/Air  8%         N/A       26%         3
 Dazzling Flash           Conj/Hex       2%         N/A       45%         3
 Stone Arrow              Conj/Erth      2%         3d7       45%         3
 Agony                    Necr           1%         N/A       99%         5
 Silence                  Hex/Air        0%         N/A       99%         5

Inventory:

Hand Weapons
 b - a +0 dagger {short}
   (You took it off a goblin on level 1 of the Dungeon)
 r - a +3 whip (weapon) {mace}
   (You took it off a gnoll on level 3 of the Dungeon)
Jewellery
 d - a ring of protection from cold (left tentacle)
   (You found it on level 1 of the Dungeon)
Scrolls
 c - 2 scrolls of fear {unknown}
 e - 4 scrolls of identify {unknown}
 f - a scroll of butterflies {unknown}
 h - a scroll of acquirement {unknown}
 k - 3 scrolls of teleportation {unknown}
 l - a scroll of magic mapping {unknown}
 n - 2 scrolls of immolation {unknown}
 p - a scroll of enchant armour {unknown}
Potions
 a - a potion of magic
 g - 2 potions of resistance {unknown}
 i - a potion of invisibility {unknown}
 j - 4 potions of curing {unknown}
 m - a potion of heal wounds {unknown}
 o - a potion of brilliance {unknown}
 q - a potion of might {unknown}

Dungeon Overview and Level Annotations

Branches:
Dungeon (4/15) Zot: 21495
 Temple: D:4-7

Altars:
Uskayaw

#......# #.....
#..<## #?.....
##...#####...../.
###)..##........
##...†........
##........... .
###...........#
....#..............
.......@J........#.
........#........#
......####......##
....## #.....##
.... #....## ..
###### #


You could see an endoplasm (very poisoned).


Message History

Confirm with . or Enter, or press ? or * to list all spells.
Aiming: Poisonous Vapours (safe; 9% risk of failure)
Press: ? - help, Dir - move target, f - orc
Aim: an orc, wielding a +0 flail and wearing a +0 ring mail (wandering, hasn't noticed you) Poisonous vapours surround the orc!
The orc is poisoned.
The orc shouts!
MP[-2]
You lost 2 mp, and now have 5/7 mp.
Casting: Poisonous Vapours (safe; 9% risk of failure)
Confirm with . or Enter, or press ? or * to list all spells.
Aiming: Poisonous Vapours (safe; 9% risk of failure)
Press: ? - help, Dir - move target, f/p - orc
Aim: an orc, wielding a +0 flail and wearing a +0 ring mail (lightly wounded, poisoned) Poisonous vapours surround the orc!
The orc looks even sicker.
MP[-2]
You lost 2 mp, and now have 3/7 mp.
Casting: Poisonous Vapours (safe; 9% risk of failure)
Confirm with . or Enter, or press ? or * to list all spells.
Aiming: Poisonous Vapours (safe; 9% risk of failure)
Press: ? - help, Dir - move target, f/p - orc
Aim: an orc, wielding a +0 flail and wearing a +0 ring mail (lightly wounded, very poisoned) Poisonous vapours surround the orc!
The orc looks even sicker.
MP[-2]
You lost 2 mp, and now have 1/7 mp.
HP[+1]
You closely miss the orc. Your grab misses the orc. The orc barely misses you.
You hit the orc.
You kill the orc!
You start resting.
A worm comes into view.
HP[+2] MP[+3]
You regained 2 hp, and now have 4/27 hp.
You regained 3 mp, and now have 4/7 mp.
You start resting.
A worm is nearby! 2 jackals come into view.
The jackal barks! x2
A jackal comes into view.
HP[+1] MP[+1]
Casting: Poisonous Vapours (safe; 9% risk of failure)
Confirm with . or Enter, or press ? or * to list all spells.
Aiming: Poisonous Vapours (safe; 9% risk of failure)
Press: ? - help, Dir - move target, f - jackal
Aim: a jackal Poisonous vapours surround the jackal!
The jackal is poisoned.
MP[-2]
You lost 2 mp, and now have 3/7 mp.
You miss the jackal. Your grab misses the jackal.
The jackal completely misses you. The jackal barely misses you. x2
The jackal closely misses you.
The jackal barks!
You whack the jackal!
You kill the jackal!
The jackal bites you.
* * * LOW HITPOINT WARNING * * *
HP[-1]
You take 1 damage, and now have 4/27 hp.
You completely miss the jackal. Your grab misses the jackal.
You squeeze the jackal.
You kill the jackal!
You hear the slow hiss of a very distant avalanche of sand.
An endoplasm comes into view.
The jackal misses you. The jackal completely misses you.
HP[+1] MP[+1]
The endoplasm quivers.
You hit the jackal but do no damage. Your grab misses the jackal.
The jackal bites you.
* * * LOW HITPOINT WARNING * * *
The jackal bites you.
* * * LOW HITPOINT WARNING * * *
HP[-4]
You take 4 damage, and now have 1/27 hp.
You whack the jackal!
You kill the jackal!
Casting: Poisonous Vapours (safe; 9% risk of failure)
Confirm with . or Enter, or press ? or * to list all spells.
You can't see any susceptible monsters within range! (Use Z to cast anyway.) Unknown command.
Casting: Poisonous Vapours (safe; 9% risk of failure)
Confirm with . or Enter, or press ? or * to list all spells.
Aiming: Sting (safe; 4% risk of failure)
Press: ? - help, Shift-Dir - straight line, f - endoplasm
Aim: an endoplasm (98% to hit)
The sting hits the endoplasm.
The endoplasm partially resists.
The endoplasm is poisoned.
MP[-1]
You lost 1 mp, and now have 3/7 mp.
Casting: Sting (safe; 4% risk of failure)
Confirm with . or Enter, or press ? or * to list all spells.
Aiming: Sting (safe; 4% risk of failure)
Press: ? - help, Shift-Dir - straight line, f/p - endoplasm
Aim: an endoplasm (lightly wounded, poisoned, 98% to hit)
The sting hits the endoplasm.
The endoplasm looks even sicker.
MP[-1]
You lost 1 mp, and now have 2/7 mp.
You hit the endoplasm. The endoplasm freezes you.
You are frozen.
You resist.
You die...

Skill      XL: |  1  2  3  4 |
---------------+-------------+-----
Stealth        | 3 4 5 |  5.0
Poison Magic   | 4 5 |  5.2
Dodging        | |  2.0
Spellcasting   | |  2.0
Transmutations | |  1.0

Action                   |  1- 3 |  4- 6 || total
-------------------------+-------+-------++-------
Melee: Dagger            |    48 |     2 ||    50
       Unarmed           |     4 |       ||     4
       Tentacles         |    12 |     5 ||    17
       Constrict         |    12 |     1 ||    13
       Whip              |       |    16 ||    16
 Cast: Sting             |     8 |     4 ||    12
       Poisonous Vapours |     3 |     8 ||    11
 Stab: Sleeping          |    14 |       ||    14
       Distracted        |     1 |       ||     1
Armor: Skin              |     2 |       ||     2
Dodge: Dodged            |    26 |    16 ||    42

Levels and vault maps discovered:
D:1:      dpeg_arrival_castle, layout_basic
D:2:      layout_basic, shapermc_ecumenical_altar_starsandcircs,
          minmay_misc_feat_columns
D:3:      layout_rooms, grunt_qazlal_sundering, nicolae_uskayaw_suspiria,
          uniq_jessica
D:4:      layout_cave_pods, nicolae_ossuary_entry_plus

Notes
Turn   | Place    | Note
-------+----------+-------------------------------------------
     0 | D:1      | zeratav the Octopode Venom Mage began the quest for the
                  | Orb.
     0 | D:1      | Reached XP level 1. HP: 11/11 MP: 3/3
     0 | D:1      | magus.rc [v1.9.6]
   198 | D:1      | You pick up a book of the Senses and begin reading...
   198 | D:1      | You add the spells Dazzling Flash, Agony and Silence to
                  | your library.
   250 | D:1      | Reached skill level 3 in Stealth
   276 | D:1      | Reached skill level 4 in Poison Magic
   276 | D:1      | Reached XP level 2. HP: 17/17 MP: 5/5
   293 | D:1      | HP: 4/17 [kobold/+0 short sword (2)]
   888 | D:1      | Reached XP level 3. HP: 21/21 MP: 6/6
  1061 | D:1      | Reached skill level 4 in Stealth
  1514 | D:2      | You pick up a book of Changes and begin reading...
  1514 | D:2      | You add the spells Beastly Appendage, Wereblood and Spider
                  | Form to your library.
  1537 | D:2      | Found a faded altar of an unknown god.
  1563 | D:2      | You pick up a book of Geomancy and begin reading...
  1563 | D:2      | You add the spells Sandblast, Passwall and Stone Arrow to
                  | your library.
  1834 | D:2      | You pick up a book of Cantrips and begin reading...
  1834 | D:2      | You add the spells Necrotise, Summon Small Mammal and
                  | Apportation to your library.
  2171 | D:3      | Learned a level 2 spell: Poisonous Vapours
  2185 | D:3      | Reached XP level 4. HP: 27/27 MP: 1/7
  2270 | D:3      | Reached skill level 5 in Poison Magic
  2351 | D:3      | Found a hide-covered altar of Uskayaw.
  2422 | D:3      | Reached skill level 5 in Stealth
  2440 | D:3      | HP: 1/27 [orc priest/divine providence (13)]
  2491 | D:4      | HP: 4/27 [jackal (1)]
  2496 | D:4      | HP: 4/27 [jackal (1)]
  2496 | D:4      | HP: 1/27 [jackal (3)]
  2504 | D:4      | Frozen to death by an endoplasm

Vanquished Creatures
  An adder (D:2)
  3 gnolls (D:3)
  4 dart slugs (D:1)
  An orc (D:4)
  3 bats
  4 endoplasms
  A giant cockroach (D:1)
  6 goblins
  3 jackals (D:4)
  5 ball pythons
  5 frilled lizards
  4 kobolds
  9 rats
49 creatures vanquished.

Table legend:
 A = Non-vault XP
 B = Vault XP
 C = Vault XP percentage of total XP
 D = Non-vault monster count
 E = Vault monster count
 F = Vault count percentage of total count
                 A         B        C        D         E       F
            +---------+---------+-------+---------+---------+-------
      Total |     131 |       0 |   0.0 |      49 |       0 |   0.0
            +---------+---------+-------+---------+---------+-------
        D:1 |      46 |       0 |   0.0 |      25 |       0 |   0.0
        D:2 |      28 |       0 |   0.0 |      12 |       0 |   0.0
        D:3 |      48 |       0 |   0.0 |       8 |       0 |   0.0
        D:4 |       9 |       0 |   0.0 |       4 |       0 |   0.0
            +---------+---------+-------+---------+---------+-------

Illustrated notes

Table legend:
 A = Kills in this place as a percentage of kills in entire the game.
 B = Kills by you in this place as a percentage of kills by you in the entire game.
 C = Kills by friends in this place as a percentage of kills by friends in the entire game.
 D = Other kills in this place as a percentage of other kills in the entire game.
 E = Experience gained in this place as a percentage of experience gained in the entire game.
 F = Experience gained in this place divided by the number of levels of this place that you have seen.
                   A       B       C       D       E      F
               +-------+-------+-------+-------+-------+----------------------
         Total | 100.0 | 100.0 |   N/A |   N/A | 100.0 |  32.8
       Dungeon | 100.0 | 100.0 |   N/A |   N/A | 100.0 |  32.8
               +-------+-------+-------+-------+-------+----------------------

Table legend: (Time is in decaauts)
 A = Elapsed time spent in this place.
 B = Non-inter-level travel time spent in this place.
 C = Inter-level travel time spent in this place.
 D = Time resting spent in this place.
 E = Time spent auto-exploring this place.
 F = Levels seen in this place.
 G = Mean time per level.
                   A        B        C        D        E       F      G
               +--------+--------+--------+--------+--------+-----+--------+
         Total |   2503 |   2452 |     51 |     82 |   2001 |   4 |  625.8 |
       Dungeon |   2503 |   2452 |     51 |     82 |   2001 |   4 |  625.8 |
               +--------+--------+--------+--------+--------+-----+--------+

Top non-repeatable levels by time:
     D:1: 1429 daAuts
     D:2: 703 daAuts
     D:3: 309 daAuts
     D:4: 61 daAuts
